 Dungeon Crawl Stone Soup version 0.31-a0-154-g56bf346678 (webtiles) character file.

Game seed: 7165547522149044279

1527 Jho the Slasher (level 8, -7/41 (49) HPs)
             Began as a Tengu Reaver on June 11, 2023.
             Was an Initiate of Ashenzari.
             Mangled by a wight
             ... wielding a +4 flail
              (11 damage)
             ... on level 7 of the Dungeon.
             The game lasted 00:16:32 (6630 turns).

Jho the Slasher (Tengu Reaver)                      Turns: 6630, Time: 00:16:32

HP:   -7/41 (49)    AC:  8    Str: 14    XL:     8   Next: 85%
MP:   11/11         EV: 14    Int: 18    God:    Ashenzari [......]
Gold: 287           SH:  0    Dex: 15    Spells: 8/11 levels left

rFire   . . .        e - +7 demon blade "Sublime Sorrow" {elec, Dex+2, Range, Self} (curse)
rCold   . . .        r - +0 buckler
rNeg    . . .        x - +0 ring mail
rPois   +            (helmet restricted)
rElec   .            (no cloak)
rCorr   .            o - +0 pair of gloves
SInv    .            (boots unavailable)
Will    .....        t - amulet of reflection Stlth
                     f - +6 ring of intelligence
HPRegen 0.26/turn    q - ring of poison resistance
MPRegen 0.12/turn

%: reflection
@: confused, attractive, flying quickly and evasively, heavily drained, quick
A: beak, talons 3, nimble flight, iridescent scales 1, dopey 1, low MP 1
a: Renounce Religion, Curse Item, Shatter the Chains


You were on level 7 of the Dungeon.
You worshipped Ashenzari.
Ashenzari was noncommittal.
You visited 2 branches of the dungeon, and saw 8 of its levels.

You collected 287 gold pieces.

Inventory:

Hand Weapons
 a - a +0 falchion
 e - the cursed +7 demon blade "Sublime Sorrow" (weapon) {elec, Dex+2, Range, Self}
   (You acquired it on level 3 of the Dungeon)

   Dex:       It affects your dexterity (+2).
   It has a curse which improves the following skills: Ranged Combat: Ranged
   Weapons and Throwing.
   Introspection: Fighting and Spellcasting.
Armour
 o - a +0 pair of gloves (worn)
 r - a +0 buckler (worn)
 x - a +0 ring mail (worn)
Jewellery
 f - a +6 ring of intelligence (left hand)
 q - a ring of poison resistance (right hand)
 t - an amulet of reflection (around neck)
 v - a ring of protection from cold
 w - a ring of see invisible
 y - a ring of willpower
Wands
 s - a wand of flame (25)
 u - a wand of mindburst (9)
Scrolls
 c - 3 scrolls of teleportation
 m - 2 scrolls of fear
Potions
 d - a potion of resistance
 g - 2 potions of berserk rage
 h - a potion of attraction
 i - 2 potions of brilliance {unknown}
 j - a potion of invisibility {unknown}
 k - 3 potions of curing {unknown}
 l - 2 potions of lignification {unknown}
 n - a potion of degeneration {unknown}
 p - a potion of ambrosia {unknown}


   Skills:
 + Level 4.7(5.1) Fighting
 * Level 7.7 Long Blades
 + Level 3.4 Armour
 + Level 4.1 Dodging
 - Level 3.4 Shields
 - Level 2.0(2.3) Spellcasting
 + Level 6.8 Conjurations
 - Level 0.2 Necromancy


You had 8 spell levels left.
You knew the following spells:

 Your Spells              Type           Power      Damage    Failure   Level
a - Kiss of Death         Conj/Necr      56%        2d9       11%         1
b - Momentum Strike       Conj/Tloc      28%        3d8       17%         2

Your spell library contained the following spells:

 Spells                   Type           Power      Damage    Failure   Level
 Hailstorm                Conj/Ice       14%        3d5       34%         3
 Summon Small Mammal      Summ           8%         N/A       43%         1
 Call Canine Familiar     Summ           2%         N/A       80%         3
 Gell's Gravitas          Tloc           2%         N/A       80%         3
 Summon Guardian Golem    Hex/Summ       2%         N/A       80%         3
 Teleport Other           Tloc           2%         N/A       80%         3
 Olgreb's Toxic Radiance  Pois           2%         N/A       99%         4
 Dispersal                Tloc           1%         N/A       100%        6
 Discord                  Hex            1%         N/A       100%        8
 Ignition                 Fire           1%         3d3       100%        8


Dungeon Overview and Level Annotations

Branches:
Dungeon (7/15)             Temple (1/1) D:5

Altars:
Ashenzari
Cheibriados
Elyvilon
Fedhas
Gozag
Hepliaklqana
Nemelex Xobeh
Ru
Sif Muna
Uskayaw
Vehumet
Xom
Yredelemnul

Shops:
D:7 (

Annotations:
D:6 2 runed translucent doors, IdlyInterested's ghost, novice DsFi


Innate Abilities, Weirdness & Mutations

You have a beak for a mouth.
You have claws for feet.
Your magical nature lets you fly swiftly and evasively.
You are partially covered in iridescent scales. (AC +2)
You are dopey. (Int -2)
Your magical capacity is low. (-10% MP)


Message History

Your will is overpowered!
You are more confused.
The wight completely misses you. The wight hits you with a +4 flail.
You feel drained.
You are too confused!
You are too confused!
You are too confused!
The wight closely misses you.
You closely miss the wight. Your kick misses the wight.
The wight barely misses you.
The wight zaps a wand.
You resist with some effort. The wight closely misses you.
The wight misses you.
You hit the wight. You claw the wight, but do no damage.
Your peck misses the wight.
The wight is lightly damaged.
The wight zaps a wand.
Your will is overpowered!
You are more confused.
The wight hits you with a +4 flail!
You feel drained.
You closely miss the wight. Your peck misses the wight.
The wight closely misses you. The wight hits you with a +4 flail.
You feel drained.
You are too confused!
You are too confused!
You miss the wight. You peck the wight, but do no damage.
The wight zaps a wand.
You resist with some effort. The wight hits you with a +4 flail!
The wight hits you with a +0 scimitar!
You feel drained.
The wight zaps a wand.
You resist with some effort.
It was a potion of mutation.
You feel extremely strange.
You feel less energetic.
You feel stupid.
Iridescent scales grow over part of your body.
The wight hits you with a +4 flail!
* * * LOW HITPOINT WARNING * * *
You feel drained.
* * * LOW HITPOINT WARNING * * *
You are too confused!
Unknown command.
It was a potion of attraction.
You feel attractive to monsters. The wight closely misses you.
The wight hits you with a +4 flail!
You die...

... .....$.... ....
##......... ...#
#.......... ...#
#..........# #..#
........... ...#
#..........##..#
#..##......#@..#
#..##......zz.#
#.###.#.......#
#..####.###..##
#.....#.###...#
##....#.##....#
.......#...###...#
#########))#[....##
##########...)..........


You could see 2 wights.

Vanquished Creatures
  An ice beast (D:6)
  2 black bears (D:4)
  4 phantoms
  A kobold brigand (D:7)
  A bullfrog (D:6)
  A scorpion (D:5)
  4 killer bees
  An electric eel (D:6)
  2 hounds
  4 orc priests
  A gnoll bouda (D:5)
  A sleepcap (D:6)
  An iguana (D:4)
  3 orc wizards
  Natasha (D:3)
  3 gnolls (D:5)
  6 adders
  A white imp (D:7)
  An ufetubus (D:5)
  4 worms
  4 dart slugs
  17 orcs
  7 bats
  2 endoplasms
  3 giant cockroaches
  5 goblins
  6 hobgoblins
  6 quokkas
  5 ball pythons
  11 kobolds
  12 rats
121 creatures vanquished.

Notes
Turn   | Place    | Note
-------+----------+-------------------------------------------
     0 | D:1      | Jho the Tengu Reaver began the quest for the Orb.
     0 | D:1      | Reached XP level 1. HP: 12/12 MP: 4/4
   142 | D:1      | Reached XP level 2. HP: 14/15 MP: 4/6
   512 | D:1      | You fall into a shaft and drop 1 floor!
   565 | D:2      | Reached skill level 1 in Armour
   604 | D:2      | Reached XP level 3. HP: 19/19 MP: 7/7
   726 | D:2      | Learned a level 2 spell: Momentum Strike
   949 | D:2      | Reached skill level 4 in Long Blades
  1693 | D:1      | Reached XP level 4. HP: 18/20 MP: 8/8
  2625 | D:3      | Identified a scroll of acquirement
  2626 | D:3      | Acquired the +7 demon blade "Kydd" {elec, Dex+2}
  2630 | D:3      | Found a sacrificial altar of Ru.
  2855 | D:3      | Found a radiant altar of Vehumet.
  2936 | D:3      | Noticed Natasha
  2941 | D:3      | Killed Natasha
  2942 | D:3      | Gained mutation: Your magical nature lets you fly swiftly
                  | and evasively. [Tengu growth]
  2942 | D:3      | Reached XP level 5. HP: 17/27 MP: 9/9
  3105 | D:4      | Noticed a phantom
  3123 | D:4      | Killed a phantom
  3124 | D:4      | Reached skill level 5 in Long Blades
  3124 | D:4      | Reached skill level 1 in Shields
  3147 | D:4      | Noticed a black bear
  3210 | D:4      | Reached XP level 6. HP: 37/37 MP: 10/10
  3211 | D:4      | Reached skill level 5 in Conjurations
  3443 | D:4      | Noticed a black bear
  3452 | D:4      | Killed a black bear
  3453 | D:4      | Reached XP level 7. HP: 25/36 MP: 11/11
  4029 | D:4      | Found a blossoming altar of Fedhas.
  4051 | D:5      | Entered Level 5 of the Dungeon
  4057 | D:5      | Reached skill level 6 in Long Blades
  4116 | D:5      | Found a staircase to the Ecumenical Temple.
  4123 | Temple   | Entered the Ecumenical Temple
  4218 | Temple   | Became a worshipper of Ashenzari the Shackled
  4425 | D:5      | Found an opulent altar of Gozag.
  5139 | D:6      | Found a runed translucent door.
  5140 | D:6      | Noticed IdlyInterested's ghost (novice DsFi)
  5277 | D:6      | Reached XP level 8. HP: 11/48 MP: 12/12
  5471 | D:6      | Found a runed translucent door.
  5757 | D:6      | Reached skill level 7 in Long Blades
  6441 | D:7      | Found a transporter.
  6447 | D:7      | Found Ziphuig's Antique Weapon Emporium.
  6451 | D:7      | Found a transporter.
  6629 | D:7      | Gained mutation: Your magical capacity is low. (-10% MP)
                  | [potion of mutation]
  6629 | D:7      | Gained mutation: You are dopey. (Int -2) [potion of
                  | mutation]
  6629 | D:7      | Gained mutation: You are partially covered in iridescent
                  | scales. (AC +2) [potion of mutation]
  6630 | D:7      | Mangled by a wight

Illustrated notes

Levels and vault maps discovered:
D:1:      dpeg_arrival_subterranean_lakeside_camping, layout_basic,
          chequers_big_river
D:2:      layout_basic
D:3:      minmay_evil_eye, layout_basic, vehumet_crystals,
          mainiacjoe_overflow_boulevard, uniq_natasha
D:4:      layout_loops_ring, fedhas_altar_decomposition
D:5:      layout_gridville, grunt_gozag_statues, minmay_temple_entry_grid,
          corner_web_ring
D:6:      layout_gridville, ebering_ghost_sewer_f, water_boxes_lemuel
D:7:      layout_cave_pools, nicolae_qazlal_eye_of_the_storm,
          mainiacjoe_overflow_catwalk, serial_shops, nicolae_shop_drivethru,
          nicolae_shop_just_a_little_nook
Temple:   hellmonk_temple_forest_ring

Skill      XL: |  1  2  3  4  5  6  7  8 |
---------------+-------------------------+-----
Armour         | 1 2 3 |  3.4
Long Blades    | 4 5 6 7 |  7.7
Fighting       | 3 4 |  4.7
Shields        | 1 2 3 |  3.4
Conjurations   | 5 6 |  6.8
Dodging        | 3 4 |  4.1
Spellcasting   | |  2.0
Necromancy     | |  0.2

Action                     |  1- 3 |  4- 6 |  7- 9 || total
---------------------------+-------+-------+-------++-------
  Melee: Falchion          |    61 |    50 |       ||   111
         Peck              |    12 |    12 |    17 ||    41
         Kick              |    10 |    15 |    28 ||    53
         Demon blade       |       |    60 |   108 ||   168
         Punch             |       |     1 |       ||     1
   Cast: Kiss of Death     |     4 |     3 |       ||     7
         Momentum Strike   |       |     1 |     3 ||     4
 Invoke: Curse Item        |       |       |     1 ||     1
    Use: Scroll            |     1 |     5 |     4 ||    10
         Potion            |       |       |     2 ||     2
   Stab: Sleeping          |       |       |     1 ||     1
 Armour: Leather armour    |    17 |    22 |     8 ||    47
         Ring mail         |       |       |     6 ||     6
  Dodge: Dodged            |    33 |    60 |    58 ||   151
  Block: Buckler           |       |     3 |    24 ||    27
         Reflection        |       |       |     1 ||     1

Table legend: (Time is in decaauts)
 A = Elapsed time spent in this place.
 B = Non-inter-level travel time spent in this place.
 C = Inter-level travel time spent in this place.
 D = Time resting spent in this place.
 E = Time spent auto-exploring this place.
 F = Levels seen in this place.
 G = Mean time per level.
                   A        B        C        D        E       F      G
               +--------+--------+--------+--------+--------+-----+--------+
         Total |   6414 |   6185 |    229 |    912 |   4111 |   8 |  801.8 |
       Dungeon |   6314 |   6099 |    215 |    912 |   4052 |   7 |  902.0 |
        Temple |    100 |     86 |     14 |      0 |     58 |   1 |  100.0 |
               +--------+--------+--------+--------+--------+-----+--------+

Top non-repeatable levels by time:
     D:1: 1154 daAuts
     D:2: 1102 daAuts
     D:6: 1101 daAuts
     D:4: 954 daAuts
     D:5: 871 daAuts
     D:3: 825 daAuts
     D:7: 304 daAuts
  Temple: 100 daAuts
